 Dungeon Crawl Stone Soup version 0.31.0-12-g77e489cdc1 (webtiles) character file.

Game seed: 470273094124644440

205 Silvore the Covered (level 5, -3/47 HPs)
             Began as a Minotaur Fighter on Feb 27, 2024.
             Slain by a crocodile (6 damage)
             ... in a sewer.
             The game lasted 00:03:01 (2384 turns).

Silvore the Covered (Minotaur Fighter)              Turns: 2384, Time: 00:03:01

Health: -3/47      AC:  8    Str: 23    XL:     5   Next: 53%
Magic:  2/4        EV: 10    Int:  5    God:
Gold:   127        SH:  5    Dex:  9    Spells: 4/4 levels left

rFire   . . .        i - +0 mace
rCold   . . .        c - +1 buckler
rNeg    . . .        b - +0 scale mail
rPois   .            (helmet restricted)
rElec   .            (no cloak)
rCorr   .            l - +0 pair of gloves
SInv    .            (no boots)
Will    .....        (no amulet) Stlth
                     (no ring)
HPRegen 0.27/turn    (no ring)
MPRegen 0.09/turn

%: no passive effects
@: mighty
A: horns 2, retaliatory headbutt
a: no special abilities


You were in a sewer.
You visited 1 branch of the dungeon, and saw 4 of its levels.
You also visited: Sewer.

You collected 127 gold pieces.

Inventory:

Hand Weapons
 a - a +0 flail
 i - a +0 mace (weapon)
Armour
 b - a +0 scale mail (worn)
 c - a +1 buckler (worn)
 l - a +0 pair of gloves (worn)
Jewellery
 h - a ring of protection from cold
Scrolls
 e - a scroll of blinking
 k - a scroll of butterflies
Potions
 f - a potion of brilliance {unknown}
 g - 4 potions of mutation {unknown}
 j - a potion of enlightenment {unknown}
 m - 3 potions of heal wounds {unknown}


   Skills:
 + Level 4.8 Fighting
 + Level 3.9 Maces & Flails
 + Level 5.2 Armour
 + Level 1.1 Dodging
 + Level 4.3 Shields


You had 4 spell levels left.
You didn't know any spells.
Your spell library contained the following spells:

 Spells                   Type           Power      Damage    Failure   Level
 Dazzling Flash           Conj/Hex       0%         N/A       99%         3
 Hailstorm                Conj/Ice       0%         3d5       99%         3
 Mephitic Cloud           Conj/Alch/Air  0%         N/A       99%         3
 Summon Ice Beast         Ice/Summ       0%         N/A       99%         3
 Curse of Agony           Necr           0%         N/A       100%        5
 Silence                  Hex/Air        0%         N/A       100%        5
 Sculpt Simulacrum        Ice/Alch       0%         N/A       100%        6


Dungeon Overview and Level Annotations

Branches:
Dungeon (4/15)              Sewer (1/1)
 Temple: D:4-7

Altars:
Okawaru
Trog
Vehumet

Shops:
D:2 [!


Innate Abilities, Weirdness & Mutations

You have a pair of horns on your head.
You reflexively headbutt those who attack you in melee.


Message History

The brain worm is severely wounded.
The brain worm barely misses you.
You hit the brain worm.
The brain worm is almost dead.
The brain worm bites you. The brain worm closely misses you.
You barely miss the brain worm. Your headbutt misses the brain worm.
The brain worm is severely wounded.
The brain worm's bulging head throbs.
Something gnaws on your mind!
You feel your power leaking away.
You hit the brain worm.
You headbutt the brain worm, but do no damage.
The brain worm is severely wounded.
The brain worm's bulging head throbs.
Something gnaws on your mind!
You feel your power leaking away.
You hit the brain worm.
The brain worm is almost dead.
The brain worm bites you but does no damage.
You sock the brain worm!
You kill the brain worm!
Your Dodging skill increases to level 1!
A crocodile comes into view.
Found a scimitar and 25 gold pieces.
You see here a potion of berserk rage.
You feel very mighty all of a sudden.
You closely miss the crocodile. The crocodile bites you!
* * * LOW HITPOINT WARNING * * *
The crocodile drags you backwards!
You closely miss the crocodile. The crocodile bites you.
* * * LOW HITPOINT WARNING * * *
The crocodile drags you backwards! You block the crocodile's attack.
You closely miss the crocodile. You block the crocodile's attack.
The crocodile attacks as it pursues you!
The crocodile bites you.
* * * LOW HITPOINT WARNING * * *
The crocodile drags you backwards!
You see here a potion of berserk rage.
You closely miss the crocodile. The crocodile bites you.
You die...

##...## ##.## #.#
#.# ### #.# ....
#.# ..... #.#
$.....####†#######
).....l@.........∩
$.....####.#######
..... #.# .... #.#
### ###


You could see a crocodile.

Vanquished Creatures
  A brain worm (Sewer)
  Terence (D:2)
  Robin (D:2)
  3 adders
  A ribbon worm (D:4)
  A dart slug (D:1)
  3 orcs (D:3)
  4 ball pythons
  7 bats
  4 endoplasms
  3 giant cockroaches
  9 goblins
  11 hobgoblins
  4 kobolds
  4 quokkas
  2 frilled lizards (D:1)
  6 rats
65 creatures vanquished.

Notes
Turn   | Place    | Note
-------+----------+-------------------------------------------
     0 | D:1      | Silvore the Minotaur Fighter began the quest for the Orb.
     0 | D:1      | Reached XP level 1. HP: 19/19 MP: 0/0
    63 | D:1      | Reached XP level 2. HP: 27/27 MP: 1/1
    98 | D:1      | Reached skill level 4 in Armour
   403 | D:1      | Reached XP level 3. HP: 32/33 MP: 2/2
   403 | D:1      | Found a faded altar of an unknown god.
   684 | D:2      | Identified the +0 helmet "Esmuth" {rPois Dex+4}
   684 | D:2      | Noticed Robin
   719 | D:2      | Killed Robin
   920 | D:2      | Noticed Terence
   928 | D:2      | Killed Terence
   929 | D:2      | Reached XP level 4. HP: 24/41 MP: 3/3
  1137 | D:2      | Found Ido Hauj's Distillery.
  1425 | D:2      | Found Yraa's Antique Armour Shop.
  1552 | D:3      | Found an iron altar of Okawaru.
  1585 | D:3      | Found a radiant altar of Vehumet.
  1961 | D:3      | Found a bloodstained altar of Trog.
  2323 | D:4      | Found a glowing drain.
  2331 | D:4      | Reached skill level 5 in Armour
  2338 | D:4      | Reached XP level 5. HP: 46/47 MP: 4/4
  2340 | Sewer    | Entered a sewer
  2373 | Sewer    | Reached skill level 1 in Dodging
  2374 | Sewer    | Noticed a crocodile
  2384 | Sewer    | Slain by a crocodile

Illustrated notes

Levels and vault maps discovered:
D:1:      dpeg_arrival_round_a, layout_basic,
          shapermc_ecumenical_altar_mp_vishouse
D:2:      layout_loops_ring, serial_forest, infiniplex_forest_end_3,
          infiniplex_forest_clump_diagonal, infiniplex_forest_straight_3,
          infiniplex_forest_lined_corner, infiniplex_forest_lined_room_,
          infiniplex_forest_lined_room_2, infiniplex_forest_clump_curved,
          infiniplex_forest_clump_long, serial_shops, shop,
          nicolae_shop_back_alley_shop, serial_park_tiny_pond, uniq_robin,
          uniq_terence
D:3:      layout_loops_cross, trog_three_pillars_becter,
          nicolae_vehumet_altar_sigil, kennysheep_okawaru_gauntlet,
          minmay_misc_feat_nine_boxes
D:4:      layout_rooms, minmay_temple_entry_large_hall,
          cheibrodos_sewer_entry_drain, minmay_rat_hole
Sewer:    sewer_big_baddie

Skill      XL: |  1  2  3  4  5 |
---------------+----------------+-----
Armour         | 4 5 |  5.2
Fighting       | 4 |  4.8
Shields        | 4 |  4.3
Maces & Flails | 3 |  3.9
Dodging        | 1 |  1.1

Action                     |  1- 3 |  4- 6 || total
---------------------------+-------+-------++-------
  Melee: Flail             |    90 |       ||    90
         Headbutt          |    11 |    11 ||    22
         Mace              |       |    67 ||    67
    Use: Scroll            |     2 |     2 ||     4
         Potion            |       |     1 ||     1
 Armour: Scale mail        |    78 |    56 ||   134
  Dodge: Dodged            |    45 |    29 ||    74
  Block: Buckler           |    22 |    19 ||    41
